 Dungeon Crawl Stone Soup version 0.17-a0-1849-g8a24fa2 (webtiles) character file.

86 Sixotanaka the Skirmisher (level 4, -5/39 HPs)
             Began as a Demigod Wanderer on Sept 18, 2015.
             Slain by an orc
             ... wielding a +0 flail
              (7 damage)
             ... on level 3 of the Dungeon.
             The game lasted 00:06:33 (2358 turns).

Sixotanaka the Skirmisher (Demigod Wanderer)        Turns: 2358, Time: 00:06:33

Health: -5/39      AC:  6    Str: 16    XL:     4   Next: 6%
Magic:  6/6        EV: 11    Int: 15    God:
Gold:   81         SH:  0    Dex: 17    Spells: 1 memorised, 2 levels left

rFire  . . .     SeeInvis .     a - +2 spear
rCold  . . .     Clarity  .     y - +0 ring mail
rNeg   . . .     SustAt   +     (no shield)
rPois  .         Gourm    .     w - +0 helmet
rElec  .         Spirit   .     (no cloak)
rCorr  .         Warding  .     (no gloves)
rMut   .         Stasis   .     (no boots)
MR     .....                    (no amulet)
Stlth  +.........               (no ring)
                                (no ring)

@: not resistant to hostile enchantments, very unstealthy
A: high mp 1, sustain attributes
a: no special abilities


You were on level 3 of the Dungeon.
You were not hungry.

You visited 1 branch of the dungeon, and saw 4 of its levels.

You collected 81 gold pieces.


Innate Abilities, Weirdness & Mutations

You have an increased reservoir of magic (+10% MP).
Your attributes are resistant to harm.


   Skills:
 - Level 3.6 Fighting
 + Level 3.6 Polearms
 - Level 1.0 Dodging
 - Level 1.0 Stealth
   Level 1.0 Shields
 - Level 1.7 Summonings
   Level 1.0 Earth Magic


You had 2 spell levels left.
You knew the following spells:

 Your Spells              Type           Power        Failure   Level  Hunger
z - Summon Small Mammal   Summ           #...         28%         1    ##.....


Dungeon Overview and Level Annotations

Branches:
Dungeon (4/15)
 Temple: D:4-7

Annotations:
D:3 2 exclusions, Grinder, Sigmund
D:4 Natasha, Pikel, Robin

Inventory:

Hand weapons
 a - a +2 spear (weapon)
 b - a +0 short sword
Missiles
 h - 5 javelins
 k - 5 tomahawks of dispersal (quivered) {!f}
 q - 14 poisoned needles
Armour
 w - a +0 helmet (worn)
 y - a +0 ring mail (worn)
Jewellery
 r - an uncursed amulet of stasis {unknown}
Scrolls
 d - 2 scrolls of remove curse {@r2}
 l - a scroll of amnesia {unknown}
 n - a scroll of identify {unknown}
 p - a scroll of teleportation {unknown}
 s - a scroll of blinking {unknown}
Potions
 i - 2 potions of flight {unknown}
 o - a potion of degeneration {unknown}
 t - a potion of curing {@q1}
 u - a potion of ambrosia {unknown}
 v - a potion of poison {unknown}
Books
 c - the Collected Works on Summoning

   Spells                             Type                      Level
   a - Summon Small Mammal            Summoning                    1
   b - Recall                         Summoning/Translocation      3
 m - a book of Death
Comestibles
 e - a bread ration
 f - a beef jerky
 g - 3 meat rations
 j - a slice of pizza

#. ....# ..>.. #...
##..### ..... #..#
#.#####..#
##########..wo@o..#
#.......#########.#
#.#####.# #<# #.# #.#
#.# #.#####.## #.#
#.##.....# ######.##
#.##.##..###.......#
##.##.##............##
###
#.........###.##.....#
##.##


You could see a worm, an orc priest and an orc.


Message History

A quokka, an ooze, 7 goblins, 4 slaves, Pikel and Natasha come into view.
Pikel shouts!
The slave shouts!
The slave shouts!
The slave shouts!
Natasha hisses angrily.
The goblin shouts!
The goblin shouts!
Found 20 gold pieces, a potion of curing and an emerald potion.
There is a stone staircase leading up here.
The goblin shouts!
The goblin unwields an uncursed dagger.
The goblin wields a hunting sling.
The goblin shoots a stone.
The stone hits you but does no damage.
You climb upwards.
Level annotation: 2 exclusions, Grinder, Sigmund
There is a stone staircase leading down here.
There is a stone staircase leading up here.
Found an escape hatch in the floor.
Found a stone staircase leading down.
There is a stone staircase leading down here.
You climb downwards.
Level annotation: Natasha, Pikel, Robin A ball python, an orc and an orc priest come into view.
The orc priest shouts!
The orc shouts!
You hear a shout!
You hear a shout!
You hear a shout!
The ball python bites you. The ball python grabs you.
The ball python constricts you.
Found 25 arrows.
A worm, an orc and an orc priest come into view.
There is a stone staircase leading up here.
You hit the ball python but do no damage.
The orc moves out of view.
The ball python bites you. The ball python constricts you.
You barely miss the ball python.
The ball python bites you but does no damage.
The ball python constricts you.
The orc priest calls down the wrath of Beogh upon you.
Something smites you! The orc hits you with a flail.
An orc comes into view. It is wielding a dagger.
You hit the ball python but do no damage.
The ball python bites you but does no damage.
The ball python constricts you. The orc priest completely misses you.
The orc priest casts a cantrip, but nothing happens.
You puncture the ball python!
You kill the ball python!
The orc misses you. The orc priest hits you. The orc hits you with a flail.
* * * LOW HITPOINT WARNING * * *
The worm bites you.
* * * LOW HITPOINT WARNING * * *
The orc priest hits you.
* * * LOW HITPOINT WARNING * * *
The orc priest mumbles some strange prayers to Beogh against you.
Pain shoots through your body!
* * * LOW HITPOINT WARNING * * *
You climb upwards.
Level annotation: 2 exclusions, Grinder, Sigmund
There is a stone staircase leading down here.
Unknown command.
You hit the orc priest. The orc hits you but does no damage.
The orc priest looks braver for a moment.
You hit the orc priest. The orc hits you with a flail.
* * * LOW HITPOINT WARNING * * *
The orc priest hits you but does no damage.
You hit the orc priest but do no damage.
The orc priest barely misses you.
Your ring mail prevents you from hitting the orc priest.
The orc hits you but does no damage. The orc priest closely misses you.
You hit the orc priest but do no damage.
The orc hits you but does no damage.
You hit the orc priest but do no damage.
The orc priest closely misses you. The orc misses you.
You hit the orc priest but do no damage.
The orc priest hits you but does no damage.
You closely miss the orc priest. The orc hits you with a flail!
You die...

Action                   |  1- 3 |  4- 6 || total
-------------------------+-------+-------++-------
Melee: Spear             |   138 |    18 ||   156
 Cast: Summon Small Mamm |     2 |       ||     2
  Use: Scroll            |     3 |       ||     3
       Potion            |     2 |       ||     2
 Stab: Sleeping          |     9 |       ||     9
  Eat: Chunk             |     4 |     1 ||     5

Vault maps used:
D:1:      minmay_arrival_arboretum_small
D:3:      lemuel_zombie_altar_yredelemnul, kennysheep_generic_room_3,
          uniq_sigmund, uniq_jessica, uniq_grinder
D:4:      nicolae_overflow_crystal_walls, minmay_temple_entry_poolview,
          first_bread, uniq_pikel, uniq_natasha, uniq_robin

Notes
Turn   | Place    | Note
--------------------------------------------------------------
     0 | D:1      | Sixotanaka the Demigod Wanderer began the quest for the Orb.
     0 | D:1      | Sixotanaka set off with: a +2 spear, a +0 short sword, the Collected Works on Summoning, a +0 robe, a bread ration
     0 | D:1      | Reached XP level 1. HP: 19/19 MP: 3/3
    51 | D:1      | Reached skill level 1 in Polearms
   261 | D:1      | Reached XP level 2. HP: 26/26 MP: 4/4
   475 | D:1      | Reached skill level 2 in Polearms
   579 | D:1      | Identified the Collected Works on Summoning
   581 | D:1      | Learned a level 1 spell: Summon Small Mammal
   731 | D:1      | Reached XP level 3. HP: 31/31 MP: 5/5
  1063 | D:2      | Reached skill level 3 in Polearms
  1926 | D:3      | Noticed Grinder
  2015 | D:3      | Noticed Sigmund
  2081 | D:3      | Reached XP level 4. HP: 39/39 MP: 6/6
  2323 | D:4      | Noticed Pikel
  2323 | D:4      | Noticed a slave
  2323 | D:4      | Noticed a slave
  2323 | D:4      | Noticed a slave
  2323 | D:4      | Noticed a slave
  2323 | D:4      | Noticed Natasha
  2325 | D:4      | Noticed Robin
  2349 | D:4      | HP: 7/39 [orc priest/nerve-wracking pain (4)]
  2352 | D:3      | HP: 2/39 [orc/flail (6)]
  2358 | D:3      | Slain by an orc

Vanquished Creatures
  A gnoll (D:1)
  An adder (D:1)
  An ooze (D:1)
  3 worms (D:2)
  3 orcs (D:3)
  A ball python (D:4)
  6 bats
  2 giant cockroaches
  9 goblins
  7 hobgoblins
  A quokka (D:2)
  2 giant newts (D:1)
  4 kobolds
  6 rats
47 creatures vanquished.

Vanquished Creatures (collateral kills)
  A giant newt (D:1)
  A rat (D:1)
2 creatures vanquished.

Grand Total: 49 creatures vanquished
